Map: Triton LE

Players

ShoWTimE - Winner!

  • Race: Protoss Protoss
  • Spawn Location: 5:00

Dark

  • Race: Zerg Zerg
  • Spawn Location: 11:00

Event: 2019 WCS Global FInals

VOD

Have the link to the VOD?

Description

Time

  • Played on: Oct. 23, 2019, 11:44 p.m.
  • Length: 10:58

All games in this series

Show
View Real Time Build Order
Export as new Build Order

ShoWTimE Protoss - Winner!

Build Orders: 1 Gate Expand, Oracle Opening, Phoenix Opening 

Get SALT Encoding   

  12  0:00  Probe  
  13  0:12  Probe  
  14  0:17  Pylon  
  14  0:24  Probe (Chrono Boost)  
  15  0:36  Probe (Chrono Boost)  
  15  0:37  Gateway  
  16  0:45  Probe (Chrono Boost)  
  16  0:46  Assimilator  
  17  0:51  Probe  
  18  1:03  Probe  
  19  1:15  Probe  
  20  1:23  Nexus  
  20  1:27  Probe  
  21  1:36  Cybernetics Core  
  21  1:43  Assimilator  
  21  1:46  Probe  
  22  1:53  Pylon  
  22  1:58  Probe  
  23  2:10  Adept (Chrono Boost)  
  23  2:11  Probe  
  23  2:14  Stargate  
  26  2:23  Warp Gate  
  26  2:24  Probe (Chrono Boost)  
  27  2:32  Adept  
  27  2:35  Probe (Chrono Boost)  
  27  2:36  Probe (Chrono Boost)  
  32  2:44  Probe (Chrono Boost)  
  32  2:45  Probe (Chrono Boost)  
  32  2:49  Probe (Chrono Boost)  
  32  2:50  Probe  
  26  2:58  Phoenix (Chrono Boost)  
  35  3:01  Probe  
  35  3:02  Probe  
  39  3:08  Pylon  
  39  3:13  Probe  
  39  3:14  Probe  
  41  3:20  Oracle (Chrono Boost)  
  41  3:25  Gateway  
  41  3:26  Probe x2  
  46  3:31  Assimilator  
  46  3:34  Assimilator  
  46  3:38  Probe x2  
  48  3:41  Pylon  
  48  3:46  Oracle (Chrono Boost)  
  51  3:50  Probe x2  
  53  4:01  Robotics Facility  
  53  4:02  Probe x2  
  55  4:06  Pylon  
  55  4:14  Probe x2  
  55  4:15  Oracle (Chrono Boost)  
  60  4:19  Gateway  
  60  4:24  Gateway  
  60  4:26  Probe  
  61  4:34  Adept x2  
  61  4:37  Pylon  
  65  4:42  Oracle (Chrono Boost)  
  68  4:47  Pylon  
  68  4:50  Observer  
  69  4:59  Nexus  
  69  5:07  Sentry x2  
  69  5:08  Immortal (Chrono Boost)  
  77  5:20  Pylon  
  77  5:23  Sentry  
  77  5:24  Gateway x2, Sentry  
  81  5:31  Gateway  
  81  5:35  Gateway, Pylon  
  81  5:42  Immortal (Chrono Boost)  
  83  5:55  Sentry  
  77  6:00  Sentry  
  77  6:04  Pylon  
  79  6:18  Warp Prism (Chrono Boost)  
  79  6:21  Stalker x2, Sentry x2  
  89  6:32  Pylon  
  89  6:35  Pylon  
  89  6:36  Stalker x3  
  95  6:44  Pylon, Adept x3  
  101  6:50  Pylon  
  101  6:53  Sentry  
  103  6:56  Pylon  
  103  7:02  Stalker  
  105  7:12  Adept  
  105  7:13  Adept  
  105  7:14  Stalker x2, Zealot x2  
  117  7:16  Adept  
  117  7:21  Pylon  
  117  7:31  Sentry  
  117  7:36  Adept x4  
  127  7:42  Stalker  
  129  7:44  Zealot x2  
  133  7:57  Zealot x5  
  129  8:15  Stalker x3  
  131  8:22  Zealot x4  
  137  8:27  Zealot  
  113  8:41  Stalker x3  
  113  8:45  Zealot  
  97  8:50  Zealot x2  
  97  9:01  Sentry x4  
  105  9:05  Zealot x3  
  111  9:17  Stalker  
  111  9:24  Sentry x2  
  111  9:25  Zealot x2, Sentry  
  111  9:27  Zealot  
  111  9:31  Stalker  
  123  9:49  Warp Prism  
  121  9:53  Observer  
  121  9:57  Sentry x3  
  121  9:58  Zealot x2  
  131  10:05  Adept x2  
  135  10:12  Stalker  
  137  10:27  Stalker x3  
  129  10:40  Adept x3  
Show
View Real Time Build Order
Export as new Build Order

Dark Zerg 

Build Orders: Hatch First 

Get SALT Encoding   

  12  0:00  Drone  
  13  0:12  Overlord  
  13  0:17  Drone  
  14  0:31  Drone x2  
  16  0:48  Hatchery  
  15  0:51  Drone  
  15  0:54  Drone  
  17  0:59  Drone  
  18  1:09  Extractor  
  17  1:15  Spawning Pool  
  17  1:16  Drone  
  17  1:21  Drone  
  18  1:30  Drone  
  19  1:40  Drone  
  20  1:49  Hatchery  
  20  1:52  Drone  
  20  2:01  Drone  
  20  2:04  Queen  
  20  2:07  Drone  
  24  2:16  Queen  
  26  2:24  Overlord  
  26  2:27  Drone  
  26  2:28  Drone  
  28  2:36  Metabolic Boost  
  28  2:42  Drone x3  
  28  2:43  Drone  
  32  2:44  Zergling x2  
  33  2:52  Queen  
  33  2:54  Drone  
  36  3:01  Drone  
  36  3:02  Drone  
  36  3:04  Drone  
  39  3:09  Queen  
  39  3:11  Overlord  
  41  3:13  Drone  
  42  3:23  Overlord  
  42  3:30  Drone x6  
  42  3:31  Evolution Chamber  
  42  3:33  Drone  
  48  3:37  Overlord  
  48  3:38  Overlord  
  48  3:45  Spore Crawler  
  48  3:47  Queen  
  48  3:48  Spore Crawler  
  48  3:49  Drone  
  48  3:53  Drone  
  50  3:58  Zerg Melee Weapons Level 1  
  50  3:59  Zergling x4  
  50  4:00  Drone x2  
  50  4:02  Drone  
  55  4:06  Drone  
  55  4:07  Drone x2  
  55  4:09  Extractor  
  57  4:12  Drone  
  57  4:13  Drone  
  57  4:14  Drone x2  
  61  4:19  Overlord  
  61  4:20  Drone x2  
  61  4:21  Drone  
  64  4:24  Drone x2  
  66  4:31  Overlord  
  66  4:35  Overlord  
  66  4:36  Baneling Nest  
  65  4:39  Drone  
  65  4:40  Drone x2  
  65  4:41  Drone  
  65  4:42  Overlord  
  65  4:45  Zergling x6  
  71  4:46  Zergling x2  
  72  4:54  Zergling x4  
  72  4:56  Hatchery  
  73  5:01  Zergling x8  
  73  5:04  Zergling x2  
  78  5:10  Zergling x2  
  78  5:11  Zergling x2  
  81  5:14  Zergling x10  
  81  5:15  Zergling x2  
  81  5:18  Zergling x2  
  87  5:24  Baneling x5  
  87  5:25  Baneling x2  
  87  5:28  Zergling x12  
  93  5:31  Lair  
  93  5:32  Zergling x2  
  94  5:37  Zergling x2  
  94  5:41  Zergling x2  
  94  5:42  Zergling x2  
  97  5:45  Queen  
  97  5:51  Queen  
  97  5:52  Spore Crawler  
  97  5:56  Drone  
  97  5:57  Drone x7  
  98  6:04  Drone x3  
  96  6:08  Drone x2  
  96  6:09  Drone x2  
  96  6:13  Extractor x2  
  96  6:14  Queen  
  95  6:19  Spore Crawler x2, Drone x2  
  95  6:20  Drone  
  95  6:24  Overlord  
  95  6:28  Overlord  
  95  6:29  Queen  
  95  6:32  Hydralisk Den  
  94  6:33  Drone  
  93  6:40  Zergling x2  
  93  6:41  Zergling x20  
  93  6:42  Overlord  
  93  6:44  Roach Warren  
  104  6:47  Zergling x2  
  104  6:48  Zergling x2  
  104  6:52  Zergling x10  
  109  6:55  Baneling  
  109  6:56  Baneling  
  109  7:01  Zergling x4  
  108  7:04  Baneling  
  108  7:05  Baneling x14  
  107  7:11  Spine Crawler x2  
  107  7:13  Zergling x2  
  107  7:14  Zergling x6  
  108  7:20  Baneling x9  
  108  7:21  Zergling x2  
  108  7:22  Zergling x2  
  109  7:27  Roach x3  
  111  7:30  Roach  
  111  7:31  Roach  
  111  7:32  Zergling x4  
  114  7:39  Zergling x12  
  119  7:46  Roach x2  
  119  7:50  Zergling x6  
  123  7:54  Ravager  
  123  7:55  Ravager  
  123  7:56  Zergling x4  
  123  7:57  Overlord x2  
  103  8:14  Zergling x26  
  103  8:17  Ravager  
  103  8:18  Ravager x4  
  103  8:19  Baneling  
  116  8:22  Zergling x4  
  116  8:26  Zergling x10  
  111  8:35  Roach x4  
  96  8:42  Queen  
  96  8:46  Zergling x12  
  90  8:48  Queen  
  90  8:51  Zergling x2  
  90  8:53  Baneling x2  
  90  8:54  Baneling x2  
  93  8:57  Zergling x6  
  93  8:59  Roach  
  96  9:05  Queen  
  96  9:08  Roach x2  
  101  9:13  Zergling x2  
  98  9:18  Roach, Queen  
  98  9:22  Zergling x2  
  98  9:23  Zergling x2  
  99  9:28  Roach  
  99  9:29  Queen  
  103  9:38  Roach x2  
  100  9:41  Overlord, Roach x2  
  103  9:49  Overlord  
  103  9:52  Zergling x4  
  103  9:56  Queen  
  103  9:58  Spine Crawler x2  
  103  10:00  Spine Crawler  
  103  10:01  Zergling x12  
  103  10:02  Ravager  
  103  10:05  Queen  
  105  10:07  Extractor  
  105  10:09  Extractor  
  105  10:10  Zergling x4  
  105  10:12  Ravager  
  105  10:18  Ravager  
  102  10:26  Roach  
  90  10:38  Zergling x18  
Tags
 
Add a new tag
Caveats
  • Supply blocks, unpowered buildings, or Contaminate may cause inaccurate times.
  • Supply counts are checked every 10 seconds.